 Dungeon Crawl Stone Soup version 0.20.1-1-g8b1a95d (webtiles) character file.

121 Salad the Skirmisher (level 4, -8/45 HPs)
             Began as a Minotaur Monk on July 10, 2017.
             Killed from afar by an orc wizard (14 damage)
             ... with a puff of flame
             ... on level 3 of the Dungeon.
             The game lasted 00:05:14 (1983 turns).

Salad the Skirmisher (Minotaur Monk)                Turns: 1983, Time: 00:05:16

Health: -8/45      AC:  3    Str: 15    XL:     4   Next: 77%
Magic:  0/3        EV: 13    Int:  5    God:
Gold:   85         SH:  0    Dex: 14    Spells: 3/3 levels left

rFire    . . .     SeeInvis .   a - +1 mace
rCold    . . .     Gourm    .   (no shield)
rNeg     . . .     Faith    .   h - +0 leather armour (curse)
rPois    .         Spirit   +   (helmet restricted)
rElec    .         Reflect  .   (no cloak)
rCorr    .         Harm     .   (no gloves)
MR       .....     Rnd*Tele +   (no boots)
Stlth    +.........             l - amulet of guardian spirit
Regen    0.2/turn               e - -2 ring of intelligence (curse)
MPRegen  0.1/turn               f - ring of teleportation (curse)

@: confused
A: retaliatory headbutt, horns 2
a: no special abilities


You were on level 3 of the Dungeon.
You were hungry.

You visited 1 branch of the dungeon, and saw 3 of its levels.

You collected 85 gold pieces.

Inventory:

Hand Weapons
 a - a +1 mace (weapon)
Armour
 b - a +1 robe
 h - a cursed +0 leather armour (worn)
Jewellery
 e - a cursed -2 ring of intelligence (left hand)
 f - a cursed ring of teleportation (right hand)
 g - an uncursed ring of wizardry {unknown}
 l - an amulet of guardian spirit (around neck)
Scrolls
 i - a scroll of enchant weapon
 k - a scroll of random uselessness {unknown}
Potions
 d - a potion of agility
 j - a potion of curing
 n - a potion of cancellation
Comestibles
 c - a bread ration
 m - 2 royal jellies
 o - 2 chunks of flesh
 p - 2 meat rations
 q - a fruit


   Skills:
 + Level 6.5 Fighting
 - Level 3.6 Maces & Flails
 - Level 1.2 Armour
 - Level 3.2 Dodging
 - Level 1.5 Stealth


You had 3 spell levels left.
You didn't know any spells.

Dungeon Overview and Level Annotations

Branches:
Dungeon (3/15)

Altars:
Kikubaaqudgha


Innate Abilities, Weirdness & Mutations

You reflexively headbutt those who attack you in melee.
You have a pair of horns on your head.


Message History

The puff of flame hits you!
You completely miss something. Something hits you.
You thump something! Something hits you but does no damage.
You hit something but do no damage. Something hits you but does no damage.
Something hits you.
* * * LOW HITPOINT WARNING * * *
You barely miss something. Your headbutt misses something. Something hits you.
* * * LOW HITPOINT WARNING * * *
You miss something. You headbutt something.
You are feeling hungry.
Something hits you but does no damage.
You barely miss something. Something hits you.
* * * LOW HITPOINT WARNING * * *
You closely miss something. Your headbutt misses something.
You hear some strange, mumbled words.
You are confused.
You hear some strange, mumbled words.
A puff of flame appears from out of thin air!
The puff of flame hits you!
You die...

.≈..≈≈...≈##
≈..≈..≈..≈≈#
≈.⌠≈..≈..≈≈#
..≈⌠.≈...≈≈#
..≈..≈..≈≈≈#####
≈≈..≈..≈≈≈##...
....≈.)){# ..# #.......
.....≈)@†##.# #.......
.........#..# ##.......
...........# ........
...........## #......
..##.####...##.###......
. #.####.#.##..........
# #.#....#.# #....<.
#.#.#....#.######.#####
#...)....#.........#


There were no monsters in sight!

Vanquished Creatures
  5 adders
  4 worms (D:2)
  3 dart slugs
  3 orcs (D:3)
  A ball python (D:1)
  7 bats
  A giant cockroach (D:1)
  5 goblins
  5 hobgoblins
  6 jackals (D:2)
  9 kobolds
  3 frilled lizards
  4 rats
56 creatures vanquished.

Notes
Turn   | Place    | Note
-------+----------+-------------------------------------------
     0 | D:1      | Salad the Minotaur Monk began the quest for the Orb.
     0 | D:1      | Reached XP level 1. HP: 19/19 MP: 0/0
   110 | D:1      | Reached skill level 4 in Fighting
   164 | D:1      | Reached XP level 2. HP: 22/27 MP: 1/1
   464 | D:1      | Reached skill level 5 in Fighting
   874 | D:2      | Reached XP level 3. HP: 23/36 MP: 2/2
  1239 | D:2      | Reached XP level 4. HP: 41/44 MP: 3/3
  1393 | D:2      | Reached skill level 1 in Armour
  1400 | D:2      | Found an ancient bone altar of Kikubaaqudgha.
  1422 | D:2      | Reached skill level 6 in Fighting
  1983 | D:3      | Killed from afar by an orc wizard

Skill      XL: |  1  2  3  4 |
---------------+-------------+-----
Fighting       | 4 5 6 |  6.5
Armour         | 1 |  1.2
Maces & Flails | |  3.6
Dodging        | |  3.2
Stealth        | |  1.5

Action                   |  1- 3 |  4- 6 || total
-------------------------+-------+-------++-------
Melee: Mace              |    81 |    47 ||   128
       Headbutt          |    13 |     6 ||    19
  Use: Scroll            |     4 |       ||     4
       Potion            |       |     2 ||     2
 Stab: Sleeping          |     5 |     3 ||     8
  Eat: Chunk             |     1 |     2 ||     3
Armor: Robe              |     1 |       ||     1
       Leather armour    |     8 |    13 ||    21
Dodge: Dodged            |    61 |    37 ||    98
